 Dungeon Crawl Stone Soup version 0.31-a0-145-g046c7d2549 (webtiles) character file.

Game seed: 18228312373935171636

32 jasper the Firebug (level 2, 0/20 HPs)
             Began as a Demigod Fire Elementalist on June 6, 2023.
             Slain by a goblin
             ... wielding a +0 club
              (2 damage)
             ... on level 2 of the Dungeon.
             The game lasted 00:01:26 (1423 turns).

jasper the Firebug (Demigod Fire Elementalist)      Turns: 1423, Time: 00:01:27

Health: 0/20       AC:  2    Str:  9    XL:     2   Next: 93%
Magic:  0/7        EV: 12    Int: 17    God:
Gold:   66         SH:  0    Dex: 14    Spells: 2/5 levels left

rFire   + . .        c - +1 dagger (venom)
rCold   + . .        (no shield)
rNeg    . . .        a - +0 robe
rPois   .            (no helmet)
rElec   .            e - scarf {rC+ rF+}
rCorr   .            (no gloves)
SInv    .            (no boots)
Will    .....        (no amulet)
Stlth   ++           (no ring)
HPRegen 0.23/turn    (no ring)
MPRegen 0.10/turn

%: no passive effects
@: no status effects
A: high MP 1, forlorn, divine attributes
a: no special abilities


You were on level 2 of the Dungeon.
You visited 1 branch of the dungeon, and saw 2 of its levels.

You collected 66 gold pieces.

Inventory:

Hand Weapons
 c - a +1 dagger of venom (weapon)
Armour
 a - a +0 robe (worn)
 e - a scarf of resistance (worn)
Potions
 b - a potion of magic
 d - 2 potions of degeneration
 f - a potion of heal wounds


   Skills:
 - Level 1.7 Dodging
 - Level 1.7 Stealth
 - Level 2.0 Spellcasting
 + Level 1.9 Conjurations
 + Level 3.2 Fire Magic


You had 2 spell levels left.
You knew the following spells:

 Your Spells              Type           Power      Damage    Failure   Level
a - Foxfire               Conj/Fire      40%        2x1d6     7%          1
b - Scorch                Fire           24%        2d6       8%          2

Your spell library contained the following spells:

 Spells                   Type           Power      Damage    Failure   Level
 Inner Flame              Hex/Fire       7%         N/A       30%         3
 Volatile Blastmotes      Fire/Tloc      14%        2d11      30%         3
 Flame Wave               Conj/Fire      10%        2d6       54%         4
 Chain Lightning          Conj/Air       2%         3d3       100%        9
 Fire Storm               Conj/Fire      5%         8d1       100%        9
 Shatter                  Erth           0%         3d5*      100%        9


Dungeon Overview and Level Annotations

Branches:
Dungeon (2/15)

Shops:
D:2 *


Innate Abilities, Weirdness & Mutations

You have an increased reservoir of magic. (+10% MP)
You shall have no god before yourself.
Your divine heritage dramatically boosts your attributes as you level up.


Message History

You take 5 damage, and have 15/20 hp.
MASSIVE DAMAGE!!
Casting: Scorch (safe; 8% risk of failure)
Confirm with . or Enter, or press ? or * to list all spells.
You conjure some foxfire!
The frilled lizard hisses angrily.
The kobold shouts!
The jackal bites you. The goblin hits you but does no damage.
The jackal bites you. x2; The foxfire hits the jackal.
The jackal is heavily wounded.
You take 3 damage, and have 12/20 hp.
You now have 2/7 mp.
Unknown command.
Casting: Foxfire (safe; 7% risk of failure)
Confirm with . or Enter, or press ? or * to list all spells.
You conjure some foxfire!
The foxfire hits the jackal.
The jackal is almost dead.
The jackal bites you. The jackal closely misses you.
The goblin closely misses you.
A rat comes into view.
You take 3 damage, and have 9/20 hp.
You now have 1/7 mp.
Unknown command.
Casting: Foxfire (safe; 7% risk of failure)
Confirm with . or Enter, or press ? or * to list all spells.
You conjure some foxfire!
The foxfire hits the goblin.
The goblin is moderately wounded.
The foxfire hits the jackal.
The jackal is almost dead.
The jackal bites you. The jackal barely misses you.
The goblin hits you with a +0 club.
* * * LOW HITPOINT WARNING * * *
A kobold comes into view. It is wielding a +0 club.
A kobold comes into view. It is wielding a +0 dagger.
Unknown command.
You take 5 damage, and have 4/20 hp.
MASSIVE DAMAGE!!
You now have 0/7 mp.
Your foxfire dissipates!
The jackal attacks as you move away!
The jackal bites you but does no damage.
The jackal attacks as you move away! The jackal barely misses you.
The adder attacks as you move away! The adder bites you.
* * * LOW HITPOINT WARNING * * *
The goblin attacks as you move away! The goblin hits you with a +0 club.
You die...

#..# . #..# ..
#..# ...#####..#
...K...#..#
#.)....#
..#.#....#######
........hgv......
........h@...###
.......hSh..##
≈≈≈........##
≈~≈≈.......#
.∩≈≈.lK....###
≈~≈≈........<#
≈≈.##r#######
K.+.. ##


You could see an adder, 4 jackals, a goblin (ally target), 3 kobolds, a frilled
lizard and a rat.

Vanquished Creatures
  3 bats (D:1)
  An endoplasm (D:1)
  5 goblins
  A hobgoblin (D:1)
  3 jackals (D:1)
  3 kobolds (D:1)
  2 quokkas (D:1)
  7 ball pythons
  A frilled lizard (D:1)
  2 rats (D:1)
28 creatures vanquished.

Vanquished Creatures (others)
  27 foxfires
27 creatures vanquished.

Grand Total: 55 creatures vanquished

Notes
Turn   | Place    | Note
-------+----------+-------------------------------------------
     0 | D:1      | jasper the Demigod Fire Elementalist began the quest for
                  | the Orb.
     0 | D:1      | Reached XP level 1. HP: 14/14 MP: 5/5
    49 | D:1      | Reached skill level 1 in Conjurations
   157 | D:1      | Reached XP level 2. HP: 20/20 MP: 0/7
   160 | D:1      | Learned a level 2 spell: Scorch
   210 | D:1      | Reached skill level 3 in Fire Magic
  1414 | D:2      | Found Cohenok's General Store.
  1423 | D:2      | Slain by a goblin

Illustrated notes

Levels and vault maps discovered:
D:1:      denvon_arrival_waterhouse, layout_basic,
          hellmonk_ecumenical_altar_heavens_door, minmay_indecisive_spiral
D:2:      layout_basic, serial_shops, shop, nicolae_shop_waterfront,
          nicolae_square_shop, nicolae_shop_rolled_up, shop

Skill      XL: |  1  2 |
---------------+-------+-----
Conjurations   | 1 |  1.9
Spellcasting   | 2 |  2.0
Fire Magic     | 3 |  3.2
Dodging        | |  1.7
Stealth        | |  1.7

Action                     || total
---------------------------++-------
  Melee: Dagger            ||     8
   Cast: Foxfire           ||    16
         Scorch            ||    21
    Use: Scroll            ||     2
 Armour: Robe              ||     5
  Dodge: Dodged            ||     9

Table legend: (Time is in decaauts)
 A = Elapsed time spent in this place.
 B = Non-inter-level travel time spent in this place.
 C = Inter-level travel time spent in this place.
 D = Time resting spent in this place.
 E = Time spent auto-exploring this place.
 F = Levels seen in this place.
 G = Mean time per level.
                   A        B        C        D        E       F      G
               +--------+--------+--------+--------+--------+-----+--------+
         Total |   1425 |   1387 |     38 |      0 |   1246 |   2 |  712.5 |
       Dungeon |   1425 |   1387 |     38 |      0 |   1246 |   2 |  712.5 |
               +--------+--------+--------+--------+--------+-----+--------+

Top non-repeatable levels by time:
     D:1: 1407 daAuts
     D:2: 17 daAuts
